 Dungeon Crawl Stone Soup version 0.31-a0-365-gcf821cafb2 (webtiles) character file.

Game seed: 16144312384964406481

20991 worthlessgem the Skirmisher (level 12, -3/126 HPs)
             Began as a Barachi Shapeshifter on July 23, 2023.
             Was an Elder of Nemelex Xobeh.
             Slain by a +2 battleaxe of chaos (10 damage)
             ... on level 2 of the Lair of Beasts on July 28, 2023.
             The game lasted 01:32:01 (16772 turns).

worthlessgem the Skirmisher (Barachi Shapeshifter) Turns: 16772, Time: 01:32:01

Health: -3/126     AC: 26    Str: 17    XL:     12   Next: 85%
Magic:  17/17      EV:  2    Int: 19    God:    Nemelex Xobeh [****..]
Gold:   843        SH:  0    Dex: 15    Spells: 0/17 levels left

rFire   + .          .
                       - Unarmed
rCold   x . .        (no shield)
rNeg    . . .        B - melded +3 ring mail {Will+}
rPois   +            (helmet currently unavailable)
rElec   .            (cloak currently unavailable)
rCorr   .            (gloves currently unavailable)
SInv    .            (boots currently unavailable)
Will    .....        Z - amulet of magic regeneration
Stlth   +            D - +6 ring of intelligence
HPRegen 0.41/turn    s - ring of Sin {Fire rPois Dex+2}
MPRegen 0.55/turn

%: no passive effects
@: tree-form, unable to hop
A: stationary, stasis, torment immunity, boosted hp, (amphibious), (slowness 1),
(strong legs 1), +LOS
a: Renounce Religion, Draw Escape, Draw Destruction, Draw Summoning, Triple
Draw, Deal Four


You were on level 2 of the Lair of Beasts.
You worshipped Nemelex Xobeh.
Nemelex Xobeh was greatly pleased with you.
You were a tree.
You visited 3 branches of the dungeon, and saw 14 of its levels.
You also visited: Ossuary.

You collected 843 gold pieces.

Inventory:

Hand Weapons
 e - a +0 hand axe of flaming
 q - a +4 trident of venom
 w - a +3 sling of chaos
Missiles
 h - 3 throwing nets
 l - 18 boomerangs (quivered)
 A - 9 javelins
 H - 74 poisoned darts
Armour
 B - a +3 ring mail of willpower (melded)
Jewellery
 j - a ring of protection from fire
 o - a ring of see invisible
 s - the ring of Sin (right branch) {Fire rPois Dex+2}
   (You found it on level 2 of the Dungeon)

   [ring of fire]

   It enhances your fire magic.
   Dex:       It affects your dexterity (+2).
   rF:        It protects you from fire.
   rC:        It makes you vulnerable to cold.
   rPois:     It protects you from poison.
 u - an amulet of the acrobat
 D - a +6 ring of intelligence (left branch)
 J - an amulet of reflection
 L - a ring of flight
 Z - an amulet of magic regeneration (around neck)
Talismans
 c - a beast talisman
 G - a blade talisman
 V - a serpent talisman
Wands
 a - a wand of roots (3)
 d - a wand of flame (21)
 z - a wand of light (16)
 K - a wand of paralysis (8)
 N - a wand of polymorph (15)
Scrolls
 g - a scroll of summoning
 k - 2 scrolls of enchant armour
 m - a scroll of revelation {unknown}
 r - a scroll of torment
 t - a scroll of poison
 C - 13 scrolls of teleportation
 M - a scroll of vulnerability
 P - a scroll of amnesia
 Q - a scroll of identify
 S - 2 scrolls of fear
 T - a scroll of noise
 X - a scroll of fog {unknown}
 Y - a scroll of blinking {unknown}
Potions
 b - 5 potions of lignification
 f - a potion of heal wounds
 i - 3 potions of curing
 n - 3 potions of attraction
 p - 2 potions of degeneration {unknown}
 v - 7 potions of might
 x - a potion of brilliance {unknown}
 F - 3 potions of mutation {unknown}
 I - 5 potions of resistance {unknown}
 O - a potion of enlightenment {unknown}
 R - a potion of cancellation {unknown}
 U - a potion of haste {unknown}
 W - 2 potions of invisibility {unknown}


   Skills:
 - Level 4.4 Fighting
 - Level 8.0 Ranged Weapons
 - Level 6.1 Throwing
 - Level 2.1 Dodging
 - Level 3.2 Unarmed Combat
 - Level 3.3 Spellcasting
 + Level 7.8 Conjurations
 - Level 6.0 Hexes
 - Level 6.6 Summonings
 * Level 5.8 Ice Magic
 + Level 7.7 Air Magic
 - Level 7.0 Invocations
 - Level 5.6 Evocations
 - Level 6.6 Shapeshifting


You couldn't memorise any spells.
You knew the following spells:

 Your Spells              Type           Power      Damage    Failure   Level
a - Summon Guardian Gole  Hex/Summ       27%        N/A       3%          3
b - Tukima's Dance        Hex            26%        N/A       3%          3
c - Call Canine Familiar  Summ           28%        N/A       3%          3
d - Mephitic Cloud        Conj/Pois/Air  22%        N/A       5%          3
e - Freezing Cloud        Conj/Ice/Air   15%        6-21      22%         5

Your spell library contained the following spells:

 Spells                   Type           Power      Damage    Failure   Level
 Summon Small Mammal      Summ           100%       N/A       1%          1
 Ensorcelled Hibernation  Hex/Ice        50%        N/A       1%          2
 Swiftness                Air            32%        N/A       1%          3
 Poisonous Vapours        Pois/Air       34%        N/A       4%          2
 Cigotuvi's Dreadful Rot  Necr/Pois/Air  24%        N/A       8%          2
 Stone Arrow              Conj/Erth      34%        3d9       9%          3
 Portal Projectile        Hex/Tloc       28%        N/A       13%         3
 Sandblast                Erth           6%         2d5       14%         1
 Passwall                 Tmut/Erth      2%         N/A       22%         2
 Iskenderun's Mystic Bla  Conj/Tloc      17%        2d5       30%         4
 Ignite Poison            Fire/Tmut/Pois 4%         N/A       41%         3


Dungeon Overview and Level Annotations

Branches:
Dungeon (11/15)            Temple (1/1) D:4            Lair (2/5) D:9
  Snake (0/4) Lair:2      Ossuary (visited)
  Swamp: Lair:2-3    Shoals: Lair:2-3       Orc: D:9-12

Altars:
Ashenzari
Cheibriados
Dithmenos
Elyvilon
Fedhas
Gozag
Hepliaklqana
Kikubaaqudgha
Makhleb
Nemelex Xobeh
Okawaru
Qazlal
Ru
Sif Muna
Trog
Uskayaw
Vehumet
Wu Jian
Xom
Yredelemnul
Zin
The Shining One

Shops:
D:5 [

Annotations:
D:2 1 runed translucent door, Crazy Yiuf
Lair:2 Cattocvo's ghost, journeyman VSWr


Innate Abilities, Weirdness & Mutations

You are a tree.
Your roots penetrate the ground, keeping you stationary.
You cannot be teleported.
You are immune to unholy pain and torment.
Your maximum health is greatly increased.
Your equipment is partially melded.
((You are amphibious.))
((You cover ground slowly.))
((You can hop short distances.))
You have an extended range of vision and can be seen from far away.


Message History

The sling bullet misses Cattocvo's ghost.
The plant is engulfed in blazing flames.
Cattocvo's ghost is engulfed in blazing flames.
Cattocvo's ghost hits you.
Really quaff the potion of lignification?
Your transformation has ended.
You turn into a tree.
Your +3 ring mail of willpower melds into your body.
You feel less strong-willed.
Your roots penetrate the ground.
The plant is engulfed in blazing flames.
The +2 battleaxe of chaos is engulfed in blazing flames.
The +2 battleaxe of chaos hits you!
Cattocvo's ghost is engulfed in blazing flames.
Cattocvo's ghost casts a spell.
Cattocvo's ghost blinks!
The +2 battleaxe of chaos is engulfed in blazing flames.
The +2 battleaxe of chaos hits you!!
You are electrocuted!
You are now empty-handed.
The plant is engulfed in blazing flames.
You hit the +2 battleaxe of chaos but do no damage.
The +2 battleaxe of chaos is lightly damaged.
The plant is engulfed in blazing flames.
The +2 battleaxe of chaos hits you!
You closely miss the +2 battleaxe of chaos.
The +2 battleaxe of chaos is lightly damaged.
The plant is engulfed in blazing flames.
A nearby plant withers and dies.
The +2 battleaxe of chaos hits you.
* * * LOW HITPOINT WARNING * * *
You feel better.
The +2 battleaxe of chaos is engulfed in blazing flames.
The +2 battleaxe of chaos hits you!
* * * LOW HITPOINT WARNING * * *
The +2 battleaxe of chaos burns you.
* * * LOW HITPOINT WARNING * * *
Cattocvo's ghost casts a spell.
Cattocvo's ghost blinks!
The +2 battleaxe of chaos hits you!!
* * * LOW HITPOINT WARNING * * *
The +2 battleaxe of chaos freezes you!
You die...
Your body glows slightly and disappears.

##...##...P..#
#...##......## ### ###
#..###...#..## ####.# ###.##
##.###........
#P#..###..#.###...#..#PP##..
#..........§....W.#.^#...###
##..#..####.................
#.##### #.P..#####.#.##.##
#..# #♣#### #..###### #†.#
#(☼§# ##.## # #.## #§.○##
#..#### # #.## ###§.#
#P..#.#### ##..# #P.##
##.....#.# #..## ##.###
##.##P..## #..P#
######P.#.###.§###..#!
#..####.#.#P..W.§.(...§...'_
##..##..........§#§.○##.§§#!


You could see a +2 battleaxe of chaos and Cattocvo's ghost.

Vanquished Creatures
  A two-headed ogre (D:7)
  Pikel (D:6)
  The ghost of ryw the Insei, a novice DgSh (D:6)
  2 cane toads (Lair:2)
  A rime drake (Lair:2)
  4 komodo dragons
  A polar bear (Lair:1)
  Sigmund (D:6)
  5 blink frogs (Lair:2)
  3 yaks
  2 wyverns (D:9)
  A basilisk (Lair:1)
  2 steam dragons
  A naga (Lair:2)
  5 water moccasins
  A swamp drake (D:10)
  2 sky beasts
  4 orc warriors
  A wolf (Lair:2)
  An ogre (D:5)
  3 centaurs (D:11)
  A lemure (D:6)
  A phantom (D:4)
  9 kobold brigands
  9 bullfrogs
  2 elf zombies (Ossuary)
  4 scorpions
  A wight (D:6)
  10 killer bees
  A howler monkey (D:10)
  A centaur zombie (Ossuary)
  8 hounds
  A human zombie (Ossuary)
  4 orc priests
  A jelly (D:6)
  A sleepcap (D:5)
  5 iguanas
  Natasha (thrice) (D:3)
  5 orc wizards
  2 mummies (Ossuary)
  Robin (D:4)
  2 gnolls (D:10)
  5 adders
  A shadow imp (D:6)
  A white imp (D:6)
  An ufetubus (D:6)
  3 adder zombies (Ossuary)
  2 worms (D:2)
  A dart slug (D:2)
  32 orcs
  3 endoplasms
  6 giant cockroaches
  15 goblins
  7 hobgoblins
  7 jackals (D:1)
  17 kobolds
  2 quokkas
  5 ball pythons
  4 bats
  6 frilled lizards
  3 goblin zombies (Ossuary)
  14 hobgoblin zombies (Ossuary)
  4 kobold zombies (Ossuary)
  6 orc zombies (Ossuary)
  6 rats
  3 rat zombies (Ossuary)
269 creatures vanquished.

Vanquished Creatures (collateral kills)
  A moth of wrath (D:11)
  An ugly thing (D:11)
  A kobold demonologist (D:8)
  A queen bee (D:11)
  A troll (D:11)
  A meliai (D:11)
  Grinder (D:4)
  2 yaks (Lair:2)
  2 shadows (D:11)
  A hog (D:11)
  A bullfrog (D:8)
  A kobold brigand (D:8)
  5 wights
  A killer bee (D:8)
  A howler monkey (D:8)
  2 electric eels (D:11)
  A gnoll (D:8)
  An adder (D:4)
  3 orcs
  4 kobolds
32 creatures vanquished.

Vanquished Creatures (others)
  The ghost of Savior361 the Grappler, a journeyman DrSh of Okawaru (D:8)
  The ghost of LeprechaunX the Martial Artist, a journeyman OpSh (D:10)
  Erica (D:8)
  2 black mambas
  A rime drake (Lair:2)
  A troll (D:10)
  3 wyverns
  5 yaks (Lair:1)
  A steam dragon (D:7)
  A wraith (D:10)
  6 vampire mosquitoes
  8 dancing weapons
  Edmund (D:6)
  A water moccasin (D:7)
  A black bear (D:8)
  An orc warrior (D:10)
  3 wolves
  A centaur (D:9)
  A kobold brigand (D:8)
  2 gnoll sergeants
  4 wights
  4 killer bees (D:8)
  A hound (D:6)
  6 gnolls
  An adder (D:6)
  3 orcs
61 creatures vanquished.

Grand Total: 362 creatures vanquished

Notes
Turn   | Place    | Note
-------+----------+-------------------------------------------
     0 | D:1      | worthlessgem the Barachi Shapeshifter began the quest for
                  | the Orb.
     0 | D:1      | Reached XP level 1. HP: 15/15 MP: 1/1
    46 | D:1      | Reached XP level 2. HP: 18/21 MP: 2/2
   991 | D:2      | Reached XP level 3. HP: 10/26 MP: 3/3
  1094 | D:2      | Reached skill level 1 in Throwing
  1152 | D:2      | Found a runed translucent door.
  1153 | D:2      | Noticed Crazy Yiuf
  1425 | D:2      | Identified the ring of Sin {Fire rPois Dex+2}
  1510 | D:2      | Reached XP level 4. HP: 32/32 MP: 4/4
  2103 | D:3      | Noticed an eye of devastation
  2106 | D:3      | Found a faded altar of an unknown god.
  2108 | D:3      | Noticed a golden eye
  2108 | D:3      | Noticed a shining eye
  2108 | D:3      | Noticed a floating eye
  2294 | D:3      | Noticed Natasha
  2300 | D:3      | Killed Natasha
  2472 | D:3      | Noticed Natasha
  2476 | D:3      | Killed Natasha
  2477 | D:3      | Reached XP level 5. HP: 35/37 MP: 5/5
  2568 | D:3      | Noticed Natasha
  2578 | D:3      | Killed Natasha
  2802 | D:4      | Reached skill level 5 in Shapeshifting
  2955 | D:4      | Found a basalt altar of Yredelemnul.
  2982 | D:4      | Noticed Grinder
  3008 | D:4      | Found a white marble altar of Elyvilon.
  3027 | D:4      | Killed Grinder
  3028 | D:4      | Reached XP level 6. HP: 29/43 MP: 6/6
  3095 | D:4      | Reached XP level 7. HP: 41/48 MP: 7/7
  3121 | D:4      | Found a staircase to the Ecumenical Temple.
  3273 | Temple   | Entered the Ecumenical Temple
  3292 | D:4      | Reached skill level 5 in Throwing
  3441 | D:4      | Noticed Robin
  3521 | D:4      | Killed Robin
  3692 | D:4      | Identified the +0 pair of gloves "Wean Bim" {rN+ Str+4
                  | Int-5}
  4285 | D:5      | Entered Level 5 of the Dungeon
  4361 | Temple   | Became a worshipper of Nemelex Xobeh the Trickster
  4563 | D:5      | Learned a level 3 spell: Summon Guardian Golem
  4782 | D:5      | Reached skill level 1 in Invocations
  4782 | D:5      | Reached XP level 8. HP: 49/54 MP: 8/8
  5266 | D:5      | Found Pulew's Antique Armour Shoppe.
  5304 | D:5      | Found a glowing silver altar of Zin.
  5711 | D:6      | Reached * piety under Nemelex Xobeh
  5834 | D:6      | Noticed Sigmund
  5840 | D:6      | Killed Sigmund
  5841 | D:6      | Reached skill level 1 in Hexes
  5841 | D:6      | Reached skill level 1 in Summonings
  5848 | D:6      | Found a sand-covered staircase.
  5853 | Ossuary  | Entered an ossuary
  5853 | Ossuary  | Received a gift from Nemelex Xobeh
  6507 | D:6      | Noticed Pikel
  6528 | D:6      | Killed Pikel
  6529 | D:6      | Reached skill level 5 in Invocations
  6529 | D:6      | Reached XP level 9. HP: 59/59 MP: 12/12
  6620 | D:6      | Identified the +0 ring mail "Ricvai" {rC++ Str+2}
  6626 | D:6      | Learned a level 3 spell: Tukima's Dance
  6701 | D:6      | Noticed ryw's ghost (novice DgSh)
  6709 | D:6      | Found a runed translucent gate.
  6709 | D:6      | Found a runed translucent gate.
  6710 | D:6      | Found a runed translucent gate.
  7055 | D:6      | Reached skill level 5 in Summonings
  7155 | D:6      | Received a gift from Nemelex Xobeh
  7338 | D:6      | Found a stormy altar of Qazlal.
  7338 | D:6      | Found a blossoming altar of Fedhas.
  7338 | D:6      | Noticed Edmund
  7363 | D:6      | Killed Edmund
  7364 | D:6      | Reached skill level 5 in Hexes
  7514 | D:6      | Found a bloodstained altar of Trog.
  7514 | D:6      | Found a hide-covered altar of Uskayaw.
  7519 | D:6      | Found a snail-covered altar of Cheibriados.
  7519 | D:6      | Found an ancient bone altar of Kikubaaqudgha.
  8077 | D:6      | Killed ryw's ghost
  8078 | D:6      | Reached XP level 10. HP: 48/65 MP: 14/14
  8339 | D:7      | Reached skill level 1 in Evocations
  8363 | D:7      | Noticed a two-headed ogre
  8367 | D:7      | Reached skill level 1 in Spellcasting
  8436 | D:7      | Killed a two-headed ogre
  8888 | D:7      | Reached ** piety under Nemelex Xobeh
  9145 | D:8      | Learned a level 3 spell: Call Canine Familiar
  9253 | D:8      | Found a runed translucent gate.
  9253 | D:8      | Found a runed translucent gate.
  9254 | D:8      | Found a runed translucent gate.
  9254 | D:8      | Noticed Savior361's ghost (journeyman DrSh)
  9254 | D:8      | Noticed a kobold demonologist
  9469 | D:8      | Learned a level 3 spell: Mephitic Cloud
  9576 | D:8      | Reached skill level 1 in Conjurations
  9576 | D:8      | Reached skill level 1 in Air Magic
  9809 | D:8      | Noticed Erica
  9848 | D:8      | Killed Erica
  9849 | D:8      | Reached XP level 11. HP: 31/78 MP: 10/16
 10272 | D:8      | Received a gift from Nemelex Xobeh
 10614 | D:8      | Killed Savior361's ghost
 10703 | D:8      | Reached skill level 5 in Evocations
 10739 | D:8      | a kobold brigand changed into a glowing shapeshifter
 10739 | D:8      | Noticed a glowing shapeshifter (glowing shapeshifter)
 10739 | D:8      | a glowing shapeshifter changed into a two-headed ogre
 10739 | D:8      | Noticed a two-headed ogre (glowing shapeshifter)
 10741 | D:8      | a two-headed ogre changed into a swamp worm
 10747 | D:8      | a swamp worm changed into a skyshark
 10747 | D:8      | Noticed a skyshark (glowing shapeshifter)
 10748 | D:8      | a skyshark changed into an orb spider
 10748 | D:8      | Noticed an orb spider (glowing shapeshifter)
 10750 | D:8      | an orb spider changed into a dream sheep
 10759 | D:8      | a yaktaur changed into a faun
 10759 | D:8      | Noticed a faun (glowing shapeshifter)
 10761 | D:8      | a faun changed into an elephant
 10763 | D:8      | an elephant changed into a sea snake
 10763 | D:8      | Noticed a sea snake (glowing shapeshifter)
 10771 | D:8      | an elephant changed into a faun
 10771 | D:8      | Noticed a faun (glowing shapeshifter)
 10772 | D:8      | a faun changed into an elephant
 11155 | D:8      | Noticed a lindwurm
 11155 | D:8      | a lindwurm changed into a manticore
 11155 | D:8      | Noticed a manticore (glowing shapeshifter)
 11166 | D:8      | Noticed a swamp dragon
 11170 | D:8      | Banished a swamp dragon
 11171 | D:8      | Reached skill level 5 in Conjurations
 11171 | D:8      | Reached skill level 5 in Air Magic
 12291 | D:9      | Found a staircase to the Lair.
 12380 | D:9      | Reached *** piety under Nemelex Xobeh
 12507 | D:10     | Entered Level 10 of the Dungeon
 12652 | D:10     | Received a gift from Nemelex Xobeh
 12709 | D:10     | Found a runed translucent gate.
 12710 | D:10     | Found a runed translucent gate.
 12710 | D:10     | Noticed LeprechaunX's ghost (journeyman OpSh)
 12710 | D:10     | Identified the +0 chain mail "Xocel" {rElec Will- Int+3}
 12711 | D:10     | Found a runed translucent gate.
 12796 | D:10     | Reached skill level 1 in Ranged Weapons
 13251 | D:10     | Found an ornate altar of the Wu Jian Council.
 13394 | D:10     | Killed LeprechaunX's ghost
 13395 | D:10     | Reached skill level 2 in Ranged Weapons
 13404 | D:10     | Reached skill level 3 in Ranged Weapons
 13535 | D:11     | Noticed a cyan ugly thing
 13537 | D:11     | Reached skill level 4 in Ranged Weapons
 13546 | D:11     | Noticed a manticore
 13547 | D:11     | a manticore changed into a moth of wrath
 13547 | D:11     | Noticed a moth of wrath
 13554 | D:11     | Reached skill level 5 in Ranged Weapons
 13555 | D:11     | Killed a green ugly thing
 13556 | D:11     | Reached skill level 6 in Ranged Weapons
 13556 | D:11     | Reached XP level 12. HP: 41/84 MP: 17/17
 13822 | D:11     | Reached skill level 7 in Ranged Weapons
 14418 | Lair:1   | Entered Level 1 of the Lair of Beasts
 14418 | Lair:1   | Received a gift from Nemelex Xobeh
 14434 | Lair:1   | Reached skill level 8 in Ranged Weapons
 14448 | Lair:1   | Learned a level 5 spell: Freezing Cloud
 14467 | Lair:1   | Reached **** piety under Nemelex Xobeh
 14578 | Lair:1   | Reached skill level 1 in Ice Magic
 15047 | Lair:1   | Received a gift from Nemelex Xobeh
 15602 | Lair:2   | Found a staircase to the Snake Pit.
 15691 | Lair:2   | Identified the +3 robe of the Lost Path {rCorr SInv}
 15798 | Lair:2   | Reached skill level 5 in Ice Magic
 16451 | Lair:2   | Found a runed translucent door.
 16451 | Lair:2   | Found a shimmering altar of Xom.
 16451 | Lair:2   | Noticed Cattocvo's ghost (journeyman VSWr)
 16740 | Lair:2   | Upgraded the game from 0.31-a0-345-g1ebeae05c6 to
                  | 0.31-a0-365-gcf821cafb2
 16772 | Lair:2   | Slain by a +2 battleaxe of chaos

Illustrated notes

Levels and vault maps discovered:
D:1:      spicycebolla_arrival_xxxplode, layout_basic, minmay_misc_feat_hallway
D:2:      layout_loops_cross, uniq_crazy_yiuf_cottage
D:3:      layout_loops_ring, hellmonk_ecumenical_altar_watching_god,
          uniq_natasha
D:4:      layout_layer_cave, kennysheep_ying_yang, minmay_temple_entry_tees,
          uniq_robin, uniq_grinder
D:5:      layout_basic, general_overflow_altar, serial_shops, shop
D:6:      layout_loops_corners, minmay_overflow_temple_hex, enter_ossuary_2,
          gammafunk_ghost_split, lexackson_kobold_supper, uniq_edmund,
          uniq_pikel, uniq_sigmund
D:7:      layout_cave_pools, serial_rivers, chequers_serial_rivers_room_a,
          chequers_serial_rivers_micro_e, chequers_serial_rivers_small_3,
          chequers_serial_rivers_micro_c, chequers_serial_rivers_micro_b
D:8:      layout_rooms, gammafunk_ghost_nasty_kobolds,
          kennysheep_generic_room_13, uniq_erica
D:9:      layout_stronghold, lair_entry_dummy
D:10:     layout_layer_cave, pdpol_wu_jian_five_deadly_venoms,
          biasface_ghost_orc_armoury, kennysheep_small_circle
D:11:     layout_rooms, serial_bayou_ford_a
Temple:   nicolae_temple_no_exploring_needed
Lair:1:   layout_hall_layers
Lair:2:   layout_loops_ring, dummy_snake_entry, ebering_ghost_xom

Skill      XL: |  1  2  3  4  5  6  7  8  9 10 11 12 |
---------------+-------------------------------------+-----
Shapeshifting  | 4 5 6 |  6.6
Throwing       | 1 2 4 6 |  6.1
Invocations    | 1 5 6 7 |  7.0
Hexes          | 3 6 |  6.0
Summonings     | 3 6 |  6.6
Evocations     | 4 5 |  5.6
Fighting       | 4 |  4.4
Spellcasting   | 3 |  3.3
Conjurations   | 3 6 7 |  7.8
Air Magic      | 3 6 7 |  7.7
Ranged Weapons | 6 8 |  8.0
Ice Magic      | 5 |  5.8
Dodging        | |  2.1
Unarmed Combat | |  3.2

Action                     |  1- 3 |  4- 6 |  7- 9 | 10-12 || total
---------------------------+-------+-------+-------+-------++-------
  Melee: Unarmed           |    12 |       |       |     3 ||    15
         Short sword       |    24 |       |       |       ||    24
         Hand axe          |     6 |    36 |   121 |     1 ||   164
         Trident           |       |       |   153 |   151 ||   304
         Punch             |       |       |     9 |     4 ||    13
   Fire: Sling             |    63 |    22 |    28 |   259 ||   372
  Throw: Stone             |       |     7 |     9 |       ||    16
         Dart              |       |       |     1 |       ||     1
         Boomerang         |       |       |       |     2 ||     2
   Cast: Summon Guardian G |       |       |     7 |    75 ||    82
         Tukima's Dance    |       |       |     6 |     8 ||    14
         Call Canine Famil |       |       |       |    29 ||    29
         Mephitic Cloud    |       |       |       |    32 ||    32
 Invoke: Draw Summoning    |       |       |     2 |     3 ||     5
         Draw Destruction  |       |       |       |    19 ||    19
         Triple Draw       |       |       |       |     1 ||     1
         Draw Escape       |       |       |       |     4 ||     4
Ability: Hop               |       |       |       |     3 ||     3
  Evoke: Wand              |       |       |       |     3 ||     3
    Use: Scroll            |       |     2 |     8 |    11 ||    21
         Potion            |       |       |     3 |     6 ||     9
   Stab: Paralysed         |       |       |       |     2 ||     2
         Confused          |       |       |       |     2 ||     2
 Armour: Animal skin       |    19 |     4 |       |       ||    23
         Ring mail         |       |    14 |   119 |   155 ||   288
         Skin              |       |       |    13 |       ||    13
  Dodge: Dodged            |    32 |    48 |   196 |   347 ||   623

Table legend: (Time is in decaauts)
 A = Elapsed time spent in this place.
 B = Non-inter-level travel time spent in this place.
 C = Inter-level travel time spent in this place.
 D = Time resting spent in this place.
 E = Time spent auto-exploring this place.
 F = Levels seen in this place.
 G = Mean time per level.
                   A        B        C        D        E       F      G
               +--------+--------+--------+--------+--------+-----+--------+
         Total |  19108 |  18044 |   1064 |    645 |  12429 |  15 | 1273.9 |
       Dungeon |  15867 |  14903 |    964 |    522 |  10229 |  11 | 1442.5 |
        Temple |     17 |      1 |     16 |      0 |      0 |   1 |   17.0 |
          Lair |   2602 |   2518 |     84 |    123 |   1890 |   2 | 1301.0 |
       Ossuary |    621 |    621 |      0 |      0 |    308 |   1 |  621.0 |
               +--------+--------+--------+--------+--------+-----+--------+

Top non-repeatable levels by time:
     D:8: 2183 daAuts
     D:6: 2110 daAuts
     D:4: 1747 daAuts
     D:5: 1658 daAuts
  Lair:2: 1542 daAuts
     D:9: 1499 daAuts
    D:10: 1249 daAuts
     D:2: 1216 daAuts
     D:7: 1162 daAuts
     D:1: 1113 daAuts
  Lair:1: 1059 daAuts
     D:3: 1013 daAuts
    D:11: 912 daAuts
 Ossuary: 621 daAuts
  Temple: 17 daAuts
